 Dungeon Crawl Stone Soup version 0.31-a0-115-g4708a659fe (webtiles) character file.

Game seed: 8594831756872800153

7968 gelatine the Basher (level 11, 0/81 HPs)
             Began as a Demonspawn Fighter on May 29, 2023.
             Was a Follower of Makhleb.
             Slain by a vampire
             ... wielding a +2 vampiric halberd
              (14 damage)
             ... in a bailey.
             The game lasted 00:25:29 (7104 turns).

gelatine the Basher (Demonspawn Fighter)            Turns: 7104, Time: 00:25:31

Health: 0/81       AC: 12    Str: 30 (32) XL:     11   Next: 3%
Magic:  11/11      EV: 16    Int: 12 (13) God:    Makhleb [*.....]
Gold:   1343       SH: 21    Dex:  8 (10) Spells: 10/10 levels left

rFire   + + +        n - +6 mace of the Ghostly God {freeze, rF++ Str+5}
rCold   + . .        O - +2 tower shield
rNeg    . . .        r - +3 leather armour of a bailey {rF+ Str+3}
rPois   .            c - +2 helmet
rElec   .            G - scarf {+Inv}
rCorr   .            (no gloves)
SInv    .            K - +1 pair of boots
Will    .....        h - amulet of regeneration
Stlth   +            m - +5 ring of evasion
HPRegen 1.13/turn    q - ring of protection from cold
MPRegen 0.12/turn

%: no passive effects
@: no status effects
A: large bone plates 2, demonic guardian 2, spiny 2, clever 1, strong 1
a: Renounce Religion, Evoke Invisibility


You were in a bailey.
You worshipped Makhleb.
Makhleb was aware of your devotion.
You visited 2 branches of the dungeon, and saw 11 of its levels.
You also visited: Bailey.

You collected 1343 gold pieces.

Inventory:

Hand Weapons
 a - a +1 war axe
 n - the +6 mace of the Ghostly God (weapon) {freeze, rF++ Str+5}
   (You found it on level 2 of the Dungeon)

   Str:       It affects your strength (+5).
   rF:        It greatly protects you from fire.
 Y - a +5 hand axe
Missiles
 P - 3 boomerangs (quivered)
 X - 2 silver boomerangs
Armour
 c - a +2 helmet (worn)
 r - the +3 leather armour of a bailey (worn) {rF+ Str+3}
   (You found it on level 2 of the Dungeon)

   Str:       It affects your strength (+3).
   rF:        It protects you from fire.
 y - a +2 robe of willpower
 z - the +0 ring mail of the Crypt {rC+ Dex+3}
   (You found it on level 4 of the Dungeon)

   Dex:       It affects your dexterity (+3).
   rC:        It protects you from cold.
 G - a scarf of invisibility (worn)
 K - a +1 pair of boots (worn)
 O - a +2 tower shield (worn)
 T - +0 acid dragon scales
 Z - a +2 robe of positive energy
Magical Staves
 s - a staff of poison
Jewellery
 b - a ring of wizardry
 h - an amulet of regeneration (around neck)
 m - a +5 ring of evasion (left hand)
 q - a ring of protection from cold (right hand)
 S - a ring of protection from fire
 W - a ring of protection from cold
Wands
 w - a wand of roots (6)
 E - a wand of digging (5)
 N - a wand of mindburst (11)
Scrolls
 e - 2 scrolls of immolation
 j - a scroll of identify
 l - 3 scrolls of magic mapping
 o - a scroll of noise
 p - a scroll of vulnerability
 t - a scroll of amnesia
 u - a scroll of poison
 x - 2 scrolls of fear
 L - a scroll of teleportation
 M - a scroll of fog
Potions
 d - 3 potions of might
 i - 2 potions of magic
 v - a potion of lignification
 C - 2 potions of brilliance
 D - a potion of berserk rage
 F - 2 potions of enlightenment
 H - a potion of mutation
 I - a potion of attraction
 J - 4 potions of degeneration
 U - a potion of invisibility
 V - a potion of haste


   Skills:
 * Level 6.0 Fighting
 + Level 2.7(5.7) Axes
 * Level 8.0(8.2) Maces & Flails
 * Level 3.9 Throwing
 * Level 5.8 Armour
 * Level 5.5 Dodging
 + Level 2.0 Stealth
 * Level 8.0 Shields
 * Level 4.1 Evocations


You had 10 spell levels left.
You didn't know any spells.
Your spell library contained the following spells:

 Spells                   Type           Power      Damage    Failure   Level
 Apportation              Tloc           0%         N/A       75%         1
 Foxfire                  Conj/Fire      0%         2x1d4     75%         1
 Necrotise                Necr           0%         1d4       75%         1
 Summon Small Mammal      Summ           0%         N/A       75%         1
 Poisonous Vapours        Pois/Air       0%         N/A       87%         2
 Dazzling Flash           Conj/Hex       0%         N/A       98%         3
 Mephitic Cloud           Conj/Pois/Air  0%         N/A       98%         3
 Vhi's Electric Charge    Tloc/Air       0%         N/A       98%         3
 Volatile Blastmotes      Fire/Tloc      0%         2d10      98%         3
 Fulminant Prism          Conj/Hex       0%         3d5       100%        4
 Iskenderun's Mystic Bla  Conj/Tloc      0%         2d3       100%        4
 Arcjolt                  Conj/Air       0%         1d10      100%        5
 Fireball                 Conj/Fire      0%         3d3       100%        5
 Freezing Cloud           Conj/Ice/Air   0%         6-21      100%        5
 Lee's Rapid Deconstruct  Erth           0%         3d4*      100%        5
 Plasma Beam              Fire/Air       0%         2x1d11    100%        6
 Simulacrum               Ice/Necr       0%         N/A       100%        6
 Starburst                Conj/Fire      0%         6d3       100%        6
 Ozocubu's Refrigeration  Ice            0%         4d7       100%        7
 Maxwell's Capacitive Co  Air            0%         ∞         100%        8
 Polar Vortex             Ice            0%         N/A       100%        9


Dungeon Overview and Level Annotations

Branches:
Dungeon (10/15)            Temple (1/1) D:7            Lair (0/5) D:10
 Bailey (1/1)
    Orc: D:9-12

Altars:
Ashenzari
Cheibriados
Dithmenos
Fedhas
Gozag
Hepliaklqana
Kikubaaqudgha
Makhleb
Nemelex Xobeh
Okawaru
Qazlal
Ru
Sif Muna
Trog
Uskayaw
Vehumet
Wu Jian
Xom
Yredelemnul

Shops:
D:1 =   D:4 [

Annotations:
D:10 3 runed translucent doors, notthatgreg's ghost, journeyman SpHs


Innate Abilities, Weirdness & Mutations

You are mostly covered in large bone plates. (SH +6)
A demonic guardian rushes to your aid.
You are mostly covered in sharp spines.
Your mind is acute. (Int +4, Str/Dex -1)
Your muscles are strong. (Str +4, Int/Dex -1)


Message History

You block something's attack.
Unknown command.
Throw: 3 boomerangs
Press: ? - help, Q - select action, (/) - cycle Shift-Dir - straight line You throw a boomerang.
Something hits you.
Throw: 3 boomerangs
Press: ? - help, Q - select action, (/) - cycle Shift-Dir - straight line You throw a boomerang.
Something hits you. Something closely misses you.
Throw: 3 boomerangs
Press: ? - help, Q - select action, (/) - cycle Shift-Dir - straight line You throw a boomerang.
Something barely misses you.
Aiming: Mindburst
Press: ? - help, Shift-Dir - straight line
Okay, then.
Unknown command.
Okay, then.
Throw: 3 boomerangs
Press: ? - help, Q - select action, (/) - cycle Shift-Dir - straight line You throw a boomerang.
You hear some strange, mumbled words.
Your smoke demon resists with almost no effort.
Throw: 3 boomerangs
Press: ? - help, Q - select action, (/) - cycle Shift-Dir - straight line You throw a boomerang.
Something hits you.
* * * LOW HITPOINT WARNING * * *
Something hits you.
* * * LOW HITPOINT WARNING * * *
A demonic guardian appears!
Something hits you!
* * * LOW HITPOINT WARNING * * *
You feel better. Something hits you.
* * * LOW HITPOINT WARNING * * *
You feel better.
Your smoke demon disappears in a puff of smoke!
Something hits you!
You die...

#...#....#########
#.).....).......8#
#......#.........#
#.....##)..##''###
#######...##....##
#8.......##......#
#8......8#...##...#
##########.4## #..#
#.@## ..#
#8.§##..8#
##}:{.!!## ##8![.##
######


You could see a friendly hellwing (summoned).

Vanquished Creatures
  A death knight (D:9)
  A centaur warrior (D:7)
  Pikel (D:8)
  A gargoyle (Bailey)
  Maggie (D:7)
  A kobold demonologist (D:9)
  Sigmund (D:3)
  A wraith (D:7)
  Eustachio (D:6)
  5 yaks
  2 steam dragons
  Menkaure (D:5)
  2 water moccasins (D:7)
  A black bear (D:6)
  2 ice beasts (D:7)
  2 orc warriors
  A sky beast (D:7)
  An ogre (D:5)
  3 centaurs
  2 lemures (D:8)
  6 phantoms
  A kobold brigand (D:9)
  3 bullfrogs
  6 scorpions
  5 wights (D:9)
  6 killer bees
  A jelly (D:8)
  5 orc priests
  6 hounds
  A gnoll bouda (D:4)
  Jessica (D:3)
  2 iguanas
  6 orc wizards
  11 gnolls (D:4)
  7 adders
  2 white imps
  A dart slug (D:2)
  38 orcs
  6 ball pythons
  10 bats
  2 endoplasms
  3 giant cockroaches (D:1)
  12 goblins
  10 hobgoblins
  2 jackals (D:5)
  3 quokkas
  3 frilled lizards
  6 kobolds
  7 orc zombies (Bailey)
  4 rats
207 creatures vanquished.

Vanquished Creatures (collateral kills)
  A vampire (D:9)
  A yak (D:9)
  An ogre (D:7)
  2 gnolls (D:4)
  4 orcs
9 creatures vanquished.

Grand Total: 216 creatures vanquished

Notes
Turn   | Place    | Note
-------+----------+-------------------------------------------
     0 | D:1      | gelatine the Demonspawn Fighter began the quest for the
                  | Orb.
     0 | D:1      | Reached XP level 1. HP: 18/18 MP: 1/1
   168 | D:1      | Found Avvyidap's Jewellery Boutique.
   204 | D:1      | Gained mutation: You are partially covered in large bone
                  | plates. (SH +4) [demonic ancestry]
   204 | D:1      | Reached XP level 2. HP: 23/24 MP: 2/2
   652 | D:2      | Gained mutation: A weak demonic guardian rushes to your
                  | aid. [demonic ancestry]
   652 | D:2      | Reached XP level 3. HP: 29/29 MP: 3/3
   670 | D:2      | Identified the +6 mace of the Ghostly God {freeze, rF++
                  | Str+5}
   813 | D:2      | Identified the +3 leather armour of a bailey {rF+ Str+3}
  1131 | D:3      | Found a hazy altar of Hepliaklqana.
  1177 | D:3      | Noticed Sigmund
  1198 | D:3      | Killed Sigmund
  1199 | D:3      | Reached skill level 1 in Maces & Flails
  1199 | D:3      | Reached skill level 1 in Dodging
  1199 | D:3      | Reached XP level 4. HP: 25/35 MP: 4/4
  1199 | D:3      | Reached XP level 5. HP: 29/41 MP: 5/5
  1289 | D:3      | Noticed Jessica
  1294 | D:3      | Killed Jessica
  1834 | D:3      | Gained mutation: A demonic guardian rushes to your aid.
                  | [demonic ancestry]
  1834 | D:3      | Reached XP level 6. HP: 47/47 MP: 6/6
  2060 | D:4      | Identified the +0 ring mail of the Crypt {rC+ Dex+3}
  2245 | D:4      | Gained mutation: You are partially covered in sharp spines.
                  | [demonic ancestry]
  2245 | D:4      | Reached XP level 7. HP: 53/53 MP: 7/7
  2267 | D:4      | Found Potam's Armour Shoppe.
  2543 | D:5      | Entered Level 5 of the Dungeon
  2642 | D:5      | Reached skill level 5 in Shields
  2700 | D:5      | Reached XP level 8. HP: 60/60 MP: 8/8
  2798 | D:5      | Found an iron altar of Okawaru.
  2803 | D:5      | Found a sacrificial altar of Ru.
  3031 | D:5      | Reached skill level 1 in Evocations
  3048 | D:5      | Reached skill level 1 in Throwing
  3298 | D:5      | Noticed Menkaure
  3305 | D:5      | Killed Menkaure
  3306 | D:5      | Reached skill level 5 in Maces & Flails
  3721 | D:6      | Reached skill level 1 in Stealth
  3815 | D:6      | Gained mutation: You are mostly covered in sharp spines.
                  | [demonic ancestry]
  3815 | D:6      | Reached XP level 9. HP: 67/67 MP: 9/9
  3851 | D:6      | Noticed Eustachio
  3863 | D:6      | Killed Eustachio
  3966 | D:6      | Found a blossoming altar of Fedhas.
  4255 | D:7      | Reached skill level 5 in Fighting
  4273 | D:7      | Found an ornate altar of the Wu Jian Council.
  4328 | D:7      | Found a staircase to the Ecumenical Temple.
  4337 | Temple   | Entered the Ecumenical Temple
  4597 | D:7      | Reached skill level 5 in Armour
  4971 | D:7      | Noticed Maggie
  4991 | D:7      | Killed Maggie
  5018 | D:7      | Noticed a centaur warrior
  5029 | D:7      | Killed a centaur warrior
  5030 | D:7      | Reached XP level 10. HP: 66/74 MP: 10/10
  5561 | D:8      | Reached skill level 5 in Dodging
  5574 | D:8      | Noticed Pikel
  5609 | D:8      | Killed Pikel
  5860 | D:8      | Found a burning altar of Makhleb.
  6024 | D:8      | Became a worshipper of Makhleb the Destroyer
  6371 | D:9      | Noticed a death knight
  6424 | D:9      | Killed a death knight
  6595 | D:9      | Identified a scroll of acquirement
  6595 | D:9      | Acquired 817 gold pieces
  6664 | D:9      | Gained mutation: Your mind is acute. (Int +4, Str/Dex -1)
                  | [potion of mutation]
  6664 | D:9      | Gained mutation: Your muscles are strong. (Str +4, Int/Dex
                  | -1) [potion of mutation]
  6664 | D:9      | Lost mutation: Your muscles are strong. (Str +4, Int/Dex
                  | -1) [potion of mutation]
  6664 | D:9      | Gained mutation: Your muscles are strong. (Str +4, Int/Dex
                  | -1) [potion of mutation]
  6711 | D:9      | Reached * piety under Makhleb
  6879 | D:10     | Entered Level 10 of the Dungeon
  6886 | D:10     | Found a runed translucent gate.
  6886 | D:10     | Found a runed translucent gate.
  6886 | D:10     | Found a runed translucent gate.
  6890 | D:10     | Noticed notthatgreg's ghost (journeyman SpHs)
  6942 | D:10     | Found a flagged portal.
  6978 | Bailey   | Entered a bailey
  7030 | Bailey   | Noticed a gargoyle
  7042 | Bailey   | Killed a gargoyle
  7043 | Bailey   | Gained mutation: You are mostly covered in large bone
                  | plates. (SH +6) [demonic ancestry]
  7043 | Bailey   | Reached XP level 11. HP: 81/81 MP: 11/11
  7104 | Bailey   | Slain by a vampire

Illustrated notes

Levels and vault maps discovered:
D:1:      spicycebolla_arrival_ecumenical, layout_rooms, serial_shops,
          nicolae_shop_tiny_real_fake_doors
D:2:      layout_loops_ring
D:3:      layout_basic, mainiacjoe_overflow_catwalk, roderic_batcave,
          uniq_sigmund, uniq_jessica
D:4:      layout_rooms, serial_shops, shop
D:5:      wad_river_or_something, layout_basic, mainiacjoe_overflow_big_doors,
          uniq_menkaure
D:6:      layout_basic, fedhas_altar_4, uniq_eustachio
D:7:      layout_loops_ring, lemuel_round_altar, minmay_temple_entry_mist,
          corner_web_ring, minmay_three_doors, uniq_maggie
D:8:      layout_basic, tso_oasis_becter, minitemple, uniq_pikel
D:9:      layout_irregular_city, mainiacjoe_overflow_concentric_impassable,
          kennysheep_just_a_vault
D:10:     layout_roguey, lair_entry_dummy, enter_bailey_5,
          gammafunk_ghost_spectres
Temple:   hellmonk_temple_forest_ring
Bailey:   bailey_polearm_vampire_castle_hellmonk, bailey

Skill      XL: |  1  2  3  4  5  6  7  8  9 10 |
---------------+-------------------------------+-----
Axes           | 2 |  2.7
Armour         | 3 4 5 |  5.8
Shields        | 3 4 5 6 8 |  8.0
Maces & Flails | 1 2 3 4 5 6 8 |  8.0
Dodging        | 1 2 3 4 5 |  5.5
Fighting       | 4 5 6 |  6.0
Evocations     | 1 3 4 |  4.1
Throwing       | 1 2 3 |  3.9
Stealth        | 1 2 |  2.0

Action                     |  1- 3 |  4- 6 |  7- 9 | 10-12 || total
---------------------------+-------+-------+-------+-------++-------
  Melee: War axe           |    87 |       |       |       ||    87
         Mace              |    42 |    72 |   247 |   223 ||   584
  Throw: Boomerang         |       |       |       |    12 ||    12
         Throwing net      |       |       |       |     3 ||     3
  Evoke: Wand              |       |       |       |     2 ||     2
    Use: Scroll            |       |       |       |    20 ||    20
         Potion            |       |       |       |    15 ||    15
   Stab: Sleeping          |       |       |     2 |       ||     2
         Distracted        |       |       |     1 |       ||     1
         Held in net/web   |       |       |       |     1 ||     1
 Armour: Scale mail        |    45 |       |       |       ||    45
         Leather armour    |    11 |    22 |    50 |    47 ||   130
         Skin              |       |       |       |    50 ||    50
  Dodge: Dodged            |    59 |    46 |   128 |    73 ||   306
  Block: Buckler           |    51 |       |       |       ||    51
         Kite shield       |    23 |    54 |   117 |       ||   194
         Tower shield      |       |       |   108 |   246 ||   354

Table legend: (Time is in decaauts)
 A = Elapsed time spent in this place.
 B = Non-inter-level travel time spent in this place.
 C = Inter-level travel time spent in this place.
 D = Time resting spent in this place.
 E = Time spent auto-exploring this place.
 F = Levels seen in this place.
 G = Mean time per level.
                   A        B        C        D        E       F      G
               +--------+--------+--------+--------+--------+-----+--------+
         Total |   7307 |   6972 |    335 |      0 |   4793 |  12 |  608.9 |
       Dungeon |   7007 |   6689 |    318 |      0 |   4617 |  10 |  700.7 |
        Temple |    164 |    147 |     17 |      0 |    136 |   1 |  164.0 |
        Bailey |    134 |    134 |      0 |      0 |     40 |   1 |  134.0 |
               +--------+--------+--------+--------+--------+-----+--------+

Top non-repeatable levels by time:
     D:3: 917 daAuts
     D:5: 895 daAuts
     D:7: 884 daAuts
     D:8: 874 daAuts
     D:9: 835 daAuts
     D:6: 783 daAuts
     D:2: 670 daAuts
     D:4: 543 daAuts
     D:1: 501 daAuts
  Temple: 164 daAuts
  Bailey: 134 daAuts
    D:10: 102 daAuts
